 Dungeon Crawl Stone Soup version 0.28-a0-1130-gc51a68064b (webtiles) character file.

Game seed: 14146032923242163209

220 ducksouse the Skirmisher (level 5, -2/72 HPs)
             Began as a Minotaur Fighter on Dec 12, 2021.
             Was a Believer of Qazlal.
             Slain by Grinder (7 damage)
             ... on level 3 of the Dungeon.
             The game lasted 00:05:02 (1595 turns).

ducksouse the Skirmisher (Minotaur Fighter)         Turns: 1595, Time: 00:05:03

Health: -2/72      AC:  7    Str: 23    XL:     5   Next: 64%
Magic:  4/4        EV:  9    Int:  5    God:    Qazlal [**....]
Gold:   49         SH:  7    Dex:  9    Spells: 4/4 levels left

rFire   . . .      SeeInvis .   a - +0 long sword
rCold   . . .      Faith    .   c - +0 buckler
rNeg    . . .      Spirit   .   b - +0 scale mail
rPois   .          Reflect  .   (helmet restricted)
rElec   .          Harm     .   (no cloak)
rCorr   .          Rampage  .   (no gloves)
Will    .....                   (no boots)
Stlth   ..........              (no amulet)
HPRegen 0.22/turn               (no ring)
MPRegen 0.09/turn               (no ring)

@: berserking, very quick
A: horns 2, retaliatory headbutt
a: Renounce Religion, Upheaval


You were on level 3 of the Dungeon.
You worshipped Qazlal.
Qazlal was pleased with you.
You visited 1 branch of the dungeon, and saw 3 of its levels.

You collected 49 gold pieces.

Inventory:

Hand Weapons
 a - a +0 long sword (weapon)
 f - a +3 dagger
Armour
 b - a +0 scale mail (worn)
 c - a +0 buckler (worn)
 i - a +2 robe of willpower
Scrolls
 h - a scroll of noise {unknown}
Potions
 e - a potion of brilliance {unknown}
 g - a potion of curing {unknown}
 j - a potion of flight {unknown}


   Skills:
 + Level 5.0 Fighting
 + Level 4.1 Long Blades
 + Level 4.9 Armour
 + Level 4.9 Shields


You had 4 spell levels left.
You didn't know any spells.
Your spell library contained the following spells:

 Spells                   Type           Power      Damage    Failure   Level
 Sandblast                Erth           0%         2d4       78%         1
 Passwall                 Tmut/Erth      0%         N/A       89%         2
 Stone Arrow              Conj/Erth      0%         3d7       98%         3


Dungeon Overview and Level Annotations

Branches:
Dungeon (3/15)

Altars:
Qazlal

Annotations:
D:3 Grinder


Innate Abilities, Weirdness & Mutations

You have a pair of horns on your head.
You reflexively headbutt those who attack you in melee.


Message History

Grinder blinks! x2
You can move again.
There is an open door here.
Grinder gestures at you. Pain shoots through your body!
There is an open door here.
Grinder gestures at you.
You suddenly lose the ability to move!
Grinder gestures at you. Pain shoots through your body!
Grinder gestures at you. Pain shoots through your body!
Grinder hits you but does no damage. Grinder hits you.
You writhe in agony.
* * * LOW HITPOINT WARNING * * *
You can move again.
Aiming: Upheaval
Press: ? - help, Dir - move target, f - Grinder
Aim: Grinder That beam is likely to hit you.
Continue anyway? [Y]es or [N]o only, please.
That beam is likely to hit you.
Continue anyway?
Okay, then.
You closely miss Grinder. You block Grinder's attack.
You slash Grinder! You headbutt Grinder!
Grinder is moderately wounded.
Grinder hits you.
* * * LOW HITPOINT WARNING * * *
Grinder barely misses you.
It was a potion of berserk rage.
A red film seems to cover your vision as you go berserk!
You feel yourself moving faster!
You feel mighty! Grinder hits you.
* * * LOW HITPOINT WARNING * * *
You writhe in agony.
* * * LOW HITPOINT WARNING * * *
You barely miss Grinder.
Grinder is moderately wounded.
A kobold comes into view. It is wielding a +0 short sword.
Grinder hits you!
You die...

#. #.# #.########.# .
#..........# ..
#..........# ...
###..........# ..5.
.............# .....
########.........###......
............†.............
###.....○@5.....######.#..
#.....#'##.<#.K......
#...).#.#############
.!.....#........
........#######..
........# ........#


You could see Grinder and a kobold (wandering).

Vanquished Creatures
  A black bear (D:2)
  Jessica (D:2)
  Robin (D:2)
  3 adders (D:2)
  A worm (D:2)
  3 dart slugs (D:1)
  2 bats (D:1)
  2 endoplasms
  3 giant cockroaches
  8 goblins
  11 hobgoblins
  4 jackals (D:3)
  3 quokkas
  2 ball pythons
  3 frilled lizards
  2 kobolds
  2 rats (D:2)
52 creatures vanquished.

Notes
Turn   | Place    | Note
-------+----------+-------------------------------------------
     0 | D:1      | ducksouse the Minotaur Fighter began the quest for the Orb.
     0 | D:1      | Reached XP level 1. HP: 19/19 MP: 0/0
   100 | D:1      | Reached XP level 2. HP: 27/27 MP: 1/1
   129 | D:1      | Found a faded altar of an unknown god.
   226 | D:1      | Prayed at the altar of an unknown god.
   226 | D:1      | Became a worshipper of Qazlal Stormbringer
   226 | D:1      | Reached * piety under Qazlal
   274 | D:1      | Reached skill level 4 in Fighting
   374 | D:1      | You fall into a shaft and drop 1 floor!
   391 | D:2      | Reached XP level 3. HP: 29/33 MP: 2/2
   661 | D:2      | Reached ** piety under Qazlal
   766 | D:2      | Noticed Jessica
   770 | D:2      | Killed Jessica
   771 | D:2      | Reached XP level 4. HP: 41/41 MP: 3/3
   824 | D:2      | Noticed a black bear
   833 | D:2      | Killed a black bear
   834 | D:2      | Reached XP level 5. HP: 9/47 MP: 4/4
   860 | D:2      | Noticed Robin
   869 | D:2      | Killed Robin
  1413 | D:2      | Reached skill level 5 in Fighting
  1559 | D:3      | Noticed Grinder
  1577 | D:3      | Paralysed by Grinder for 6 turns
  1586 | D:3      | Paralysed by Grinder for 6 turns
  1595 | D:3      | Slain by Grinder

Illustrated notes

Levels and vault maps discovered:
D:1:      dpeg_arrival_brainrot, layout_basic,
          chequers_ecumenical_altar_simple_redux, ebering_dispersal_statue_hall,
          minmay_close_crescents
D:2:      layout_loops_ring, uniq_robin, uniq_jessica
D:3:      layout_basic, grunt_temple_overflow_open, serial_rivers,
          chequers_serial_rivers_small_a, chequers_serial_rivers_small_3,
          chequers_serial_rivers_room_a, chequers_serial_rivers_micro_e,
          chequers_serial_rivers_micro_a, ebering_ghost_sewer_f, uniq_terence,
          uniq_grinder

Skill      XL: |  1  2  3  4  5 |
---------------+----------------+-----
Fighting       | 4 5 |  5.0
Long Blades    | 3 4 |  4.1
Armour         | 4 |  4.9
Shields        | 4 |  4.9

Action                   |  1- 3 |  4- 6 || total
-------------------------+-------+-------++-------
Melee: Long sword        |    55 |    54 ||   109
       Headbutt          |     5 |    11 ||    16
  Use: Potion            |       |     2 ||     2
Armor: Scale mail        |    19 |    25 ||    44
Dodge: Dodged            |    21 |    28 ||    49
Block: Buckler           |    14 |    28 ||    42

Table legend: (Time is in decaauts)
 A = Elapsed time spent in this place.
 B = Non-inter-level travel time spent in this place.
 C = Inter-level travel time spent in this place.
 D = Time resting spent in this place.
 E = Time spent auto-exploring this place.
 F = Levels seen in this place.
 G = Mean time per level.
                   A        B        C        D        E       F      G
               +--------+--------+--------+--------+--------+-----+--------+
         Total |   1619 |   1569 |     50 |    267 |    886 |   3 |  539.7 |
       Dungeon |   1619 |   1569 |     50 |    267 |    886 |   3 |  539.7 |
               +--------+--------+--------+--------+--------+-----+--------+

Top non-repeatable levels by time:
     D:2: 1183 daAuts
     D:1: 382 daAuts
     D:3: 53 daAuts
